 Dungeon Crawl Stone Soup version 0.30.0-17-ge0270778cf (webtiles) character file.

Game seed: 12596261916172538893

2 hawla the Firebug (level 1, 0/14 HPs)
             Began as a Meteoran Fire Elementalist on May 22, 2023.
             Slain by a hobgoblin (5 damage)
             ... led by Robin
             ... on level 3 of the Dungeon.
             The game lasted 00:00:37 (169 turns).

hawla the Firebug (Meteoran Fire Elementalist)       Turns: 169, Time: 00:00:38

Health: 0/14       AC:  2    Str:  9    XL:     1   Next: 57%
Magic:  5/5        EV: 12    Int: 16    God:
Gold:   27         SH:  0    Dex: 14    Spells: 4/5 levels left

rFire   . . .        (no weapon)
rCold   . . .        (no shield)
rNeg    . . .        a - +0 robe
rPois   .            (no helmet)
rElec   .            (no cloak)
rCorr   .            (no gloves)
SInv    .            (no boots)
Will    .....        (no amulet)
Stlth   +            (no ring)
HPRegen 0.22/turn    (no ring)
MPRegen 0.09/turn

%: no passive effects
@: glowing
A: sense surroundings 1, otherworldly, glowing, explore regen
a: no special abilities


You were on level 3 of the Dungeon.
You visited 1 branch of the dungeon, and saw 3 of its levels.

You collected 27 gold pieces.

Inventory:

Armour
 a - a +0 robe (worn)
Scrolls
 c - a scroll of identify {unknown}
Potions
 b - a potion of magic
 d - a potion of curing {unknown}
 e - a potion of resistance {unknown}
 f - 2 potions of heal wounds {unknown}


   Skills:
 + Level 2.5 Dodging
 - Level 1.4 Stealth
 + Level 2.7 Spellcasting
 + Level 1.2 Conjurations
 + Level 3.7 Fire Magic


You had 4 spell levels left.
You knew the following spells:

 Your Spells              Type           Power      Damage    Failure   Level
a - Foxfire               Conj/Fire      40%        2x1d6     7%          1

Your spell library contained the following spells:

 Spells                   Type           Power      Damage    Failure   Level
 Scorch                   Fire           28%        2d6       6%          2
 Inner Flame              Hex/Fire       8%         N/A       26%         3
 Volatile Blastmotes      Fire/Tloc      16%        2d11      26%         3
 Flame Wave               Conj/Fire      10%        2d6       56%         4


Dungeon Overview and Level Annotations

Branches:
Dungeon (3/15) Zot: 1630

Altars:

Annotations:
D:3 Robin


Innate Abilities, Weirdness & Mutations

You passively map a small area around you.
You are easily found by Zot.
You glow in the dark.
You regain HP and MP as you explore.


Message History

d - a bubbling puce potion
Found a stone staircase leading up.
You now have 24 gold pieces (gained 11).
e - a sedimented ruby potion
Found a stone staircase leading up.
You now have 27 gold pieces (gained 3).
Found a dagger.
f - 2 fizzy amethyst potions A hobgoblin and a goblin come into view.
The hobgoblin shouts!
A hobgoblin comes into view.
The goblin moves out of view.
A goblin comes into view. It is wielding a +5 dagger.
The goblin shouts!
You hear a shout!
A goblin comes into view. It is wielding a +0 club.
Robin of the Strong Arm comes into view.
They are wielding a +1 dagger of draining.
Robin shouts!
The goblin shouts!
You hear a shout!
A goblin comes into view. It is wielding a +0 dagger.
A hobgoblin comes into view.
You hear a shout!
A goblin comes into view. It is wielding a +0 dagger.
The goblin shouts!
The hobgoblin shouts!
You hear a shout!
The hobgoblin closely misses you. The goblin closely misses you.
A goblin comes into view. It is wielding a +0 club.
Robin roars a battlecry!
The goblins go into a battle-frenzy!
You closely miss the hobgoblin.
A goblin comes into view. It is wielding a +0 club.
The goblin hits you but does no damage. The hobgoblin closely misses you.
You hit the hobgoblin.
The hobgoblin is moderately wounded.
The goblin closely misses you. Robin throws the goblin at you!
The hobgoblin misses you.
You hit the goblin but do no damage. The goblin barely misses you.
The hobgoblin hits you. The goblin hits you with a +0 dagger.
Robin roars a battlecry!
A hobgoblin comes into view.
You hit the goblin but do no damage. The goblin barely misses you.
The hobgoblin hits you.
You die...

#######.# #. , ####.# #.
#....# #. #.##.# #. , ,
, #.##.# #. * #.##.# #.
,, #.##.# #. , #g##.#
########. ,, #@##.#
#........ , ,
.....ggg.........<..###.
, .####gg###.#####.# ,
#. , #.g # * * ,* ## *


#gg * * ... * #.. * ,** *### ,,* * #g# * * g. , You could see Robin, 4
hobgoblins and 6 goblins.

Vanquished Creatures
  A kobold (D:3)
  A bat (D:2)
  A frilled lizard (D:2)
3 creatures vanquished.

Vanquished Creatures (others)
  4 foxfires
4 creatures vanquished.

Grand Total: 7 creatures vanquished

Notes
Turn   | Place    | Note
-------+----------+-------------------------------------------
     0 | D:1      | hawla the Meteoran Fire Elementalist began the quest for
                  | the Orb.
     0 | D:1      | Reached XP level 1. HP: 14/14 MP: 5/5
   164 | D:3      | Noticed Robin
   169 | D:3      | Slain by a hobgoblin

Illustrated notes

Levels and vault maps discovered:
D:1:      ldierk_walled_garden, layout_basic
D:2:      layout_loops_ring, shapermc_ecumenical_altar_mp_vishouse,
          serial_shops, nicolae_shop_hallway_plus
D:3:      layout_loops_ring, nicolae_half_adder, uniq_robin

Action                     || total
---------------------------++-------
  Melee: Unarmed           ||     4
   Cast: Foxfire           ||     4
 Armour: Robe              ||     2
  Dodge: Dodged            ||     9
